 Dungeon Crawl Stone Soup version 0.23-a0-295-g2e428d4 (webtiles) character file.

119 Gildeon the Conjurer (level 4, -3/24 HPs)
             Began as a Deep Elf Conjurer on Oct 4, 2018.
             Slain by a river rat (9 damage)
             ... on level 3 of the Dungeon.
             The game lasted 00:07:15 (1738 turns).

Gildeon the Conjurer (Deep Elf Conjurer)            Turns: 1738, Time: 00:07:15

Health: -3/24      AC:  3    Str:  5    XL:     4   Next: 73%
Magic:  11/12      EV: 14    Int: 21    God:
Gold:   78         SH:  0    Dex: 15    Spells: 1/11 levels left

rFire    . . .     SeeInvis .   m - -1 dagger (curse)
rCold    . . .     Gourm    .   (no shield)
rNeg     . . .     Faith    .   a - +1 robe
rPois    .         Spirit   .   (no helmet)
rElec    .         Reflect  .   l - scarf {repulsion}
rCorr    +         Harm     .   (no gloves)
MR       .....                  (no boots)
Stlth    +++.......             (no amulet)
HPRegen  0.08/turn              g - ring of resist corrosion
MPRegen  0.13/turn              (no ring)

@: repel missiles
A: no striking features
a: no special abilities


You were on level 3 of the Dungeon.
You were not hungry.

You visited 1 branch of the dungeon, and saw 3 of its levels.

You collected 78 gold pieces.

Inventory:

Hand Weapons
 e - a +0 dagger
 m - a cursed -1 dagger (weapon)
Armour
 a - a +1 robe (worn)
 k - a +3 scale mail
 l - a scarf of repulsion (worn)
Jewellery
 g - a ring of resist corrosion (left hand)
 p - a cursed amulet of inaccuracy {unknown}
Scrolls
 i - 2 scrolls of amnesia
 o - a scroll of identify
Potions
 d - a potion of might
 f - 3 potions of haste
 h - a potion of brilliance {unknown}
 j - a potion of cancellation {unknown}
 n - a potion of curing {unknown}
Comestibles
 b - 3 chunks of flesh
 c - 7 rations


   Skills:
 + Level 3.6 Dodging
 + Level 3.9 Stealth
 + Level 4.2 Spellcasting
 + Level 5.0 Conjurations


You had one spell level left.
You knew the following spells:

 Your Spells              Type           Power        Failure   Level  Hunger
a - Magic Dart            Conj           ####         1%          1    None
b - Searing Ray           Conj           ####..       2%          2    #......
c - Dazzling Spray        Conj/Hex       ###...       12%         3    ###....
d - Iskenderun's Mystic   Conj           ####....     14%         4    ####...

Your spell library contained the following spells:

 Spells                   Type           Power        Failure   Level  Hunger
 Force Lance              Conj/Tloc      ###.....     38%         4    ####...
 Fulminant Prism          Conj/Hex       ###.......   38%         4    ####...


Dungeon Overview and Level Annotations

Branches:
Dungeon (3/15)

Altars:
Ashenzari
Zin


Message History

A leopard gecko and a river rat come into view.
Casting: Magic Dart (safe; 1% risk of failure)
Confirm with . or Enter, or press ? or * to list all spells.
Aiming: Magic Dart (safe; 1% risk of failure)
Press: ? - help, Shift-Dir - straight line, f - river rat
Aim: a river rat (resting)
The magic dart hits the river rat.
The river rat is moderately wounded.
The river rat closely misses you.
You hit the river rat but do no damage.
The river rat is moderately wounded.
The river rat bites you!
You barely miss the river rat.
The river rat is moderately wounded.
The river rat bites you!
* * * LOW HITPOINT WARNING * * *
You closely miss the river rat.
The river rat is moderately wounded.
The river rat bites you!
You die...

###### #....#
#.##@# #.#r##
#.#l
#############.#≈
#.............#.
#..........####≈
#..........# #≈
...........# #.
...........#


You could see a river rat and a leopard gecko.

Vanquished Creatures
  A jelly (D:2)
  3 adders (D:2)
  A worm (D:2)
  4 dart slugs
  A leopard gecko (D:3)
  3 giant cockroaches
  9 hobgoblins
  6 jackals
  6 bats
  4 frilled lizards
  3 goblins
  4 kobolds
  8 rats
53 creatures vanquished.

Notes
Turn   | Place    | Note
-------+----------+-------------------------------------------
     0 | D:1      | Gildeon the Deep Elf Conjurer began the quest for the Orb.
     0 | D:1      | Reached XP level 1. HP: 10/10 MP: 6/6
   160 | D:1      | Reached XP level 2. HP: 15/15 MP: 5/8
   179 | D:1      | Learned a level 2 spell: Searing Ray
   730 | D:2      | Reached XP level 3. HP: 19/19 MP: 6/10
   770 | D:2      | Learned a level 3 spell: Dazzling Spray
   945 | D:2      | Reached XP level 4. HP: 19/24 MP: 6/11
   959 | D:2      | Learned a level 4 spell: Iskenderun's Mystic Blast
   972 | D:2      | Found a glowing silver altar of Zin.
   976 | D:2      | Found a shattered altar of Ashenzari.
  1399 | D:2      | Reached skill level 5 in Conjurations
  1738 | D:3      | Slain by a river rat

Vault maps used:
D:1:      minmay_arrival_stone_box
D:2:      grunt_temple_overflow_open
D:3:      gup_sewer_entry_spiral, first_ration, goddamned_bats

Skill      XL: |  1  2  3  4 |
---------------+-------------+-----
Stealth        | 3 |  3.9
Dodging        | 3 |  3.6
Spellcasting   | 4 |  4.2
Conjurations   | 5 |  5.0

Action                   |  1- 3 |  4- 6 || total
-------------------------+-------+-------++-------
Melee: Whip              |    11 |       ||    11
       Short sword       |     6 |       ||     6
       Dagger            |     2 |    32 ||    34
 Cast: Magic Dart        |    56 |    44 ||   100
       Searing Ray       |       |     1 ||     1
  Use: Scroll            |     4 |     3 ||     7
 Stab: Sleeping          |       |     1 ||     1
  Eat: Chunk             |       |     2 ||     2
Armor: Robe              |     2 |     5 ||     7
Dodge: Dodged            |    17 |    43 ||    60

Table legend:
 A = Non-vault XP
 B = Vault XP
 C = Vault XP percentage of total XP
 D = Non-vault monster count
 E = Vault monster count
 F = Vault count percentage of total count
                 A         B        C        D         E       F
            +---------+---------+-------+---------+---------+-------
      Total |     170 |       0 |   0.0 |      53 |       0 |   0.0
            +---------+---------+-------+---------+---------+-------
        D:1 |      39 |       0 |   0.0 |      20 |       0 |   0.0
        D:2 |     123 |       0 |   0.0 |      28 |       0 |   0.0
        D:3 |       8 |       0 |   0.0 |       5 |       0 |   0.0
            +---------+---------+-------+---------+---------+-------
